 Dungeon Crawl Stone Soup version 0.29.0-4-gdea44cf6ec (webtiles) character file.

Game seed: 17770155915866310202

107 qw the Chopper (level 4, 0/26 HPs)
             Began as a Tengu Warper on Aug 28, 2022.
             Succumbed to a water moccasin's poison
             ... on level 3 of the Dungeon.
             The game lasted 00:00:18 (2696 turns).

qw the Chopper (Tengu Warper)                       Turns: 2696, Time: 00:00:18

Health: 0/26       AC:  8    Str: 18    XL:     4   Next: 85%
Magic:  8/8        EV:  7    Int: 13    God:
Gold:   49         SH:  5    Dex: 25    Spells: 7/7 levels left

rFire   . . .      SeeInvis .   Y - +1 war axe
rCold   + . .      Faith    .   c - +0 buckler
rNeg    . . .      Spirit   .   g - +0 chain mail
rPois   .          Reflect  .   (helmet restricted)
rElec   +          Harm     .   (no cloak)
rCorr   .          Rampage  .   (no gloves)
Will    .....                   (boots unavailable)
Stlth   +.........              f - amulet "Olim" {Acrobat *Corrode Will- Regen+ Dex+8}
HPRegen 0.88/turn               b - ring "Dinkunk" {Wiz rElec Stlth+}
MPRegen 0.11/turn               a - ring of Xom's Recklessness {rC+ Str+4 Dex+4 Stlth+}

@: lethally poisoned (0 -> -26)
A: beak, talons 3
a: no special abilities


You were on level 3 of the Dungeon.
You visited 1 branch of the dungeon, and saw 3 of its levels.

You collected 161 gold pieces.
You spent 112 gold pieces at shops.


Innate Abilities, Weirdness & Mutations

You have a beak for a mouth.
You have claws for feet.


   Skills:
 - Level 2.0 Fighting
 - Level 5.2 Axes
 - Level 1.0 Throwing
 - Level 1.1 Armour
 - Level 2.1 Dodging
 + Level 0.5 Shields
 - Level 2.0 Spellcasting
 - Level 2.4 Translocations


You had 7 spell levels left.
You didn't know any spells.
Your spell library contained the following spells:

 Spells                   Type           Power      Damage    Failure   Level
 Blink                    Tloc           14%        N/A       71%         2
 Gell's Gravitas          Tloc           7%         N/A       90%         3
 Lesser Beckoning         Tloc           7%         N/A       90%         3
 Teleport Other           Tloc           7%         N/A       90%         3
 Manifold Assault         Tloc           7%         N/A       100%        5

Inventory:

Hand Weapons
 e - a +4 vorpal morningstar
 Y - a +1 war axe (weapon)
Armour
 c - a +0 buckler (worn)
 g - a +0 chain mail (worn)
Jewellery
 a - the ring of Xom's Recklessness (right hand) {rC+ Str+4 Dex+4 Stlth+}
   (You acquired it on level 1 of the Dungeon)

   [ring of protection from cold]

   Str:       It affects your strength (+4).
   Dex:       It affects your dexterity (+4).
   rC:        It protects you from cold.
   Stlth:     It makes you more stealthy.
 b - the ring "Dinkunk" (left hand) {Wiz rElec Stlth+}
   (You acquired it on level 1 of the Dungeon)

   [ring of wizardry]

   It improves your spell success rate.
   rElec:     It insulates you from electricity.
   Stlth:     It makes you more stealthy.
 f - the amulet "Olim" (around neck) {Acrobat *Corrode Will- Regen+ Dex+8}
   (You acquired it on level 1 of the Dungeon)

   [amulet of the acrobat]

   It increases your evasion while moving and waiting.
   Dex:       It affects your dexterity (+8).
   Regen:     It increases your rate of health regeneration.
   *Corrode:  It may corrode you when you take damage.
   Will:      It decreases your willpower.
 m - a ring of positive energy
Potions
 h - a potion of degeneration {unknown}
 i - a potion of curing
 l - a potion of lignification {unknown}
 n - a potion of heal wounds {unknown}
 o - a potion of mutation {unknown}

Dungeon Overview and Level Annotations

Branches:
Dungeon (3/15)

Altars:

Shops:
D:2 *


Message History

The white imp gestures at you. The puff of frost hits you. You resist.
You hit the white imp.
You claw the white imp, but do no damage.
The white imp is heavily wounded.
The white imp barely misses you.
You hit the white imp. You claw the white imp.
The white imp is severely wounded.
The white imp barely misses you.
The white imp hits you but does no damage.
You slash the white imp!
You kill the white imp!
You start resting.
HP restored.
You open the door.
A water moccasin comes into view.
The water moccasin hisses angrily.
The water moccasin barely misses you.
There is an open door here.
You hit the water moccasin.
The water moccasin is moderately wounded.
You block the water moccasin's attack.
You hit the water moccasin.
You claw the water moccasin, but do no damage.
You peck the water moccasin, but do no damage.
The water moccasin is heavily wounded.
The water moccasin bites you.
You are poisoned.
The water moccasin poisons you! You block the water moccasin's attack.
You closely miss the water moccasin. You peck the water moccasin.
The water moccasin is heavily wounded.
You feel very sick. The water moccasin bites you.
You are more poisoned.
The water moccasin poisons you! The water moccasin bites you!
You are more poisoned.
The water moccasin poisons you!
You slash the water moccasin! Your peck misses the water moccasin.
The water moccasin is almost dead.
You die...

#######+####
#..........#
#..........#
#..........#
#.......S..#
######### #+#
#@# ........#
#.# #.#
#......###.###.#
#.....+.#.#...#
#....>#.#.#...#
#.....'...##..#
#.....##......#
#.....##.#.##.#
#.....##+#.##.#


You could see a water moccasin.

Vanquished Creatures
  A gnoll (D:1)
  2 adders (D:2)
  A white imp (D:3)
  2 worms (D:2)
  2 dart slugs (D:1)
  An orc (D:2)
  5 ball pythons
  4 endoplasms
  2 giant cockroaches
  5 goblins
  5 hobgoblins (D:1)
  4 jackals (D:1)
  2 quokkas (D:1)
  4 bats
  4 frilled lizards
  6 kobolds
  9 rats
59 creatures vanquished.

Notes
Turn   | Place    | Note
-------+----------+-------------------------------------------
     0 | D:1      | qw the Tengu Warper began the quest for the Orb.
     0 | D:1      | Reached XP level 1. HP: 12/12 MP: 4/4
     0 | D:1      | 0 ||| qw: Version: 0.1-a-89-g26bdef1
     0 | D:1      | 0 ||| qw: Game counter: 2502
     0 | D:1      | 0 ||| qw: Always use a shield: true
     0 | D:1      | 0 ||| qw: God list: Okawaru
     0 | D:1      | 0 ||| qw: Allow faded altars: false
     0 | D:1      | 0 ||| qw: Do Orc after D:15 true
     0 | D:1      | 0 ||| qw: Do second Lair branch before Depths: true
     0 | D:1      | 0 ||| qw: Lair rune preference: random
     0 | D:1      | 0 ||| qw: Plans: Normal
     0 | D:1      | 0 ||| PLANNING D:1-11
   415 | D:1      | 415 ||| Stepping ~*~*~tactically~*~*~ (stealth).
   420 | D:1      | Reached skill level 3 in Axes
   420 | D:1      | Reached XP level 2. HP: 15/17 MP: 6/6
   430 | D:1      | HP: 3/17 [jackal (3)]
  1030 | D:1      | 1030 ||| DROPPING +0 mace.
  1119 | D:1      | 1119 ||| Stepping ~*~*~tactically~*~*~ (stealth).
  1128 | D:1      | Reached XP level 3. HP: 19/21 MP: 7/7
  1170 | D:1      | Reached skill level 4 in Axes
  1685 | D:1      | 1685 ||| UPGRADING to +0 chain mail.
  1695 | D:1      | 1695 ||| DROPPING +0 leather armour.
  1696 | D:1      | 1696 ||| UPGRADING to ring of positive energy.
  1697 | D:1      | 1697 ||| READING scroll labelled NEMIESSAWA.
  1698 | D:1      | 1698 ||| READING scroll labelled XEXIOZ HERU.
  1699 | D:1      | 1699 ||| READING 5 scrolls labelled ISEASH HOZI.
  1699 | D:1      | Identified 5 scrolls of acquirement
  1699 | D:1      | 1699 ||| ACQUIRING ring of Xom's Recklessness {rC+ Str+4
                  | Dex+4 Stlth+}
  1699 | D:1      | Acquired the ring of Xom's Recklessness {rC+ Str+4 Dex+4
                  | Stlth+}
  1701 | D:1      | 1701 ||| UPGRADING to ring of Xom's Recklessness {rC+ Str+4
                  | Dex+4 Stlth+}.
  1702 | D:1      | 1702 ||| READING 4 scrolls of acquirement.
  1702 | D:1      | 1702 ||| ACQUIRING ring "Dinkunk" {Wiz rElec Stlth+}
  1702 | D:1      | Acquired the ring "Dinkunk" {Wiz rElec Stlth+}
  1704 | D:1      | 1704 ||| UPGRADING to ring "Dinkunk" {Wiz rElec Stlth+}.
  1706 | D:1      | 1706 ||| READING 3 scrolls of acquirement.
  1706 | D:1      | 1706 ||| ACQUIRING +5 hand axe of Debrimm {drain, Dex+3}
  1706 | D:1      | Acquired the +5 hand axe of Debrimm {drain, Dex+3}
  1708 | D:1      | 1708 ||| SWAPPING to +5 hand axe of Debrimm {drain, Dex+3}.
  1709 | D:1      | 1709 ||| DROPPING +0 hand axe.
  1710 | D:1      | 1710 ||| READING 2 scrolls of acquirement.
  1710 | D:1      | 1710 ||| ACQUIRING +4 vorpal morningstar
  1710 | D:1      | Acquired a +4 vorpal morningstar
  1712 | D:1      | 1712 ||| DROPPING +0 flail.
  1713 | D:1      | 1713 ||| READING scroll of acquirement.
  1713 | D:1      | 1713 ||| ACQUIRING amulet "Olim" {Acrobat *Corrode Will-
                  | Regen+ Dex+8}
  1713 | D:1      | Acquired the amulet "Olim" {Acrobat *Corrode Will- Regen+
                  | Dex+8}
  1715 | D:1      | 1715 ||| UPGRADING to amulet "Olim" {Acrobat *Corrode Will-
                  | Regen+ Dex+8}.
  1720 | D:1      | 1720 ||| READING scroll labelled OGER QUPHUSTA.
  1721 | D:1      | 1721 ||| DROPPING scroll of blinking.
  1808 | D:2      | 1808 ||| Stepping ~*~*~tactically~*~*~ (stealth).
  1814 | D:2      | 1814 ||| Stepping ~*~*~tactically~*~*~ (stealth).
  1824 | D:2      | 1824 ||| Stepping ~*~*~tactically~*~*~ (stealth).
  1841 | D:2      | 1841 ||| Stepping ~*~*~tactically~*~*~ (stealth).
  1848 | D:2      | Reached XP level 4. HP: 26/26 MP: 8/8
  1853 | D:2      | 1853 ||| Stepping ~*~*~tactically~*~*~ (stealth).
  1854 | D:2      | 1854 ||| Stepping ~*~*~tactically~*~*~ (stealth).
  1859 | D:2      | 1859 ||| Stepping ~*~*~tactically~*~*~ (stealth).
  1861 | D:2      | 1861 ||| Stepping ~*~*~tactically~*~*~ (stealth).
  1862 | D:2      | 1862 ||| Stepping ~*~*~tactically~*~*~ (stealth).
  1868 | D:2      | 1868 ||| Stepping ~*~*~tactically~*~*~ (stealth).
  1877 | D:2      | Reached skill level 5 in Axes
  1901 | D:2      | 1901 ||| Stepping ~*~*~tactically~*~*~ (stealth).
  2161 | D:2      | 2161 ||| Stepping ~*~*~tactically~*~*~ (hiding).
  2302 | D:2      | Found Xuaselora's Assorted Antiques.
  2304 | D:2      | 2304 ||| Stepping ~*~*~tactically~*~*~ (stealth).
  2317 | D:2      | 2317 ||| Stepping ~*~*~tactically~*~*~ (stealth).
  2318 | D:2      | 2318 ||| Stepping ~*~*~tactically~*~*~ (stealth).
  2320 | D:2      | 2320 ||| Stepping ~*~*~tactically~*~*~ (stealth).
  2322 | D:2      | 2322 ||| Stepping ~*~*~tactically~*~*~ (stealth).
  2333 | D:2      | 2333 ||| BUYING scroll labelled ELLAACUOSM (25 gold).
  2333 | D:2      | Bought a scroll labelled ELLAACUOSM for 25 gold pieces
  2333 | D:2      | 2333 ||| SHOPLISTING shiny plate armour (650 gold, have
                  | 127).
  2333 | D:2      | 2333 ||| BUYING war axe (87 gold).
  2333 | D:2      | Bought a war axe for 87 gold pieces
  2333 | D:2      | 2333 ||| SWAPPING to +0 war axe.
  2334 | D:2      | 2334 ||| DROPPING +5 hand axe of Debrimm {drain, Dex+3}.
  2553 | D:2      | 2553 ||| UPGRADING to +0 buckler.
  2558 | D:2      | 2558 ||| DROPPING amulet of the acrobat.
  2559 | D:2      | 2559 ||| READING scroll labelled YQYELIU QEGO.
  2560 | D:2      | 2560 ||| READING 2 scrolls labelled ELLAACUOSM.
  2561 | D:2      | 2561 ||| DRINKING 2 silvery potions.
  2562 | D:2      | 2562 ||| DROPPING scroll of poison.
  2563 | D:2      | 2563 ||| Stepping randomly (stuck).
  2564 | D:2      | 2564 ||| Stepping ~*~*~tactically~*~*~ (cloud).
  2568 | D:2      | HP: 6/26 [poisoned by you (poison gas)]
  2573 | D:2      | HP: 5/26 [poisoned by you (poison gas)]
  2692 | D:3      | Noticed a water moccasin
  2696 | D:3      | Succumbed to a water moccasin's poison

Levels and vault maps discovered:
D:1:      ebering_trefoil_twist, layout_basic, due_unseen_surprise
D:2:      layout_basic, serial_shops, nicolae_square_shop,
          minmay_fractal_squares_5
D:3:      layout_basic, chequers_ecumenical_altar_simple_redux

Skill      XL: |  1  2  3  4 |
---------------+-------------+-----
Axes           | 3 4 5 |  5.2
Fighting       | |  2.0
Throwing       | |  1.0
Armour         | |  1.1
Dodging        | |  2.1
Shields        | |  0.5
Spellcasting   | |  2.0
Translocations | |  2.4

Action                   |  1- 3 |  4- 6 || total
-------------------------+-------+-------++-------
Melee: Hand axe          |    85 |    31 ||   116
       Kick              |    17 |     7 ||    24
       Peck              |    16 |     7 ||    23
       Punch             |     1 |     1 ||     2
       War axe           |       |    11 ||    11
Throw: Boomerang         |     7 |       ||     7
  Use: Scroll            |     8 |     2 ||    10
       Potion            |       |     1 ||     1
Armor: Leather armour    |    13 |       ||    13
       Chain mail        |     5 |    13 ||    18
Dodge: Dodged            |    35 |    11 ||    46
Block: Buckler           |       |     2 ||     2

Table legend:
 A = Non-vault XP
 B = Vault XP
 C = Vault XP percentage of total XP
 D = Non-vault monster count
 E = Vault monster count
 F = Vault count percentage of total count
                 A         B        C        D         E       F
            +---------+---------+-------+---------+---------+-------
      Total |     132 |      21 |  13.7 |      53 |       6 |  10.2
            +---------+---------+-------+---------+---------+-------
        D:1 |      63 |       0 |   0.0 |      27 |       0 |   0.0
        D:2 |      58 |      21 |  26.6 |      25 |       6 |  19.4
        D:3 |      11 |       0 |   0.0 |       1 |       0 |   0.0
            +---------+---------+-------+---------+---------+-------
